 Dungeon Crawl Stone Soup version 0.31-a0-986-g5e6e4ef867 (webtiles) character file.

Game seed: 3958674279722895303

3026 promet the Magician (level 9, -2/57 HPs)
             Began as an Octopode Conjurer on Nov 16, 2023.
             Was a Believer of Dithmenos.
             Slain by a killer bee (6 damage)
             ... on level 8 of the Dungeon.
             The game lasted 00:59:48 (15571 turns).

promet the Magician (Octopode Conjurer)            Turns: 15571, Time: 00:59:49

Health: -2/57      AC:  1    Str:  8    XL:     9   Next: 85%
Magic:  17/18      EV: 14    Int: 22    God:    Dithmenos [**....]
Gold:   332        SH:  5    Dex: 11    Spells: 6/20 levels left

rFire   + . .        a - +5 great sword
rCold   . . .        (shield currently unavailable)
rNeg    . . .        (helmet restricted)
rPois   +            f - amulet of reflection
rElec   .            v - ring of protection from fire
rCorr   +            j - ring of poison resistance
SInv    .            x - ring of resist corrosion
Will    .....        B - ring of poison resistance
Stlth   ++++         (no ring)
HPRegen 0.29/turn    (no ring)
MPRegen 0.16/turn    (no ring)
                     (no ring)

%: reflection
@: wreathed by umbra
A: almost no armour, amphibious, 8 rings, camouflage 1, gelatinous body 1,
(nimble swimmer 1), tentacles
a: Renounce Religion, Shadow Step


You were on level 8 of the Dungeon.
You worshipped Dithmenos.
Dithmenos was pleased with you.
You visited 2 branches of the dungeon, and saw 9 of its levels.

You collected 332 gold pieces.

Inventory:

Hand Weapons
 a - a +5 great sword (weapon)
 b - a +2 heavy sling
 c - a +2 short sword
 e - a +7 war axe
 y - a +0 dagger of speed
 A - the +2 spear "Spiderslayer" {flame, Int+5 Dex+2}
   (You found it on level 8 of the Dungeon)

   Int+5:     It affects your intelligence (+5).
   Dex+2:     It affects your dexterity (+2).
Missiles
 d - 8 poisoned darts (quivered)
 g - 52 stones
Jewellery
 f - an amulet of reflection (around mantle)
 j - a ring of poison resistance (right tentacle)
 v - a ring of protection from fire (left tentacle)
 x - a ring of resist corrosion (on tentacle)
 B - a ring of poison resistance (on tentacle)
Scrolls
 i - 2 scrolls of enchant armour
 k - a scroll of identify
 p - 2 scrolls of teleportation
 u - 2 scrolls of vulnerability
 w - a scroll of fog
Potions
 h - 2 potions of curing
 l - 3 potions of brilliance {unknown}
 m - 3 potions of magic
 n - a potion of attraction
 o - a potion of resistance {unknown}
 q - a potion of enlightenment {unknown}
 r - a potion of might
 s - 2 potions of ambrosia {unknown}
 t - a potion of invisibility {unknown}


   Skills:
 + Level 3.2 Fighting
 + Level 0.3(2.3) Short Blades
 * Level 3.7 Long Blades
 + Level 1.7 Axes
 + Level 5.9 Ranged Weapons
 + Level 1.2 Throwing
 + Level 4.1 Dodging
 + Level 4.4 Stealth
 + Level 2.1 Shields
 * Level 6.0 Spellcasting
 + Level 5.2 Conjurations
 + Level 4.1 Hexes
 + Level 2.5 Summonings


You had 6 spell levels left.
You knew the following spells:

 Your Spells              Type           Power      Damage    Failure   Level
a - Magic Dart            Conj           100%       1d8       1%          1
b - Searing Ray           Conj           58%        2d6       1%          2
c - Dazzling Flash        Conj/Hex       54%        N/A       4%          3
d - Call Imp              Summ           36%        N/A       4%          2
e - Stone Arrow           Conj/Erth      36%        3d9       9%          3
f - Summon Guardian Gole  Hex/Summ       21%        N/A       7%          3

Your spell library contained the following spells:

 Spells                   Type           Power      Damage    Failure   Level
 Mephitic Cloud           Conj/Pois/Air  14%        N/A       13%         3
 Fulminant Prism          Conj/Hex       13%        3d9       13%         4
 Lesser Beckoning         Tloc           12%        N/A       14%         2
 Gell's Gravitas          Tloc           6%         N/A       26%         3
 Teleport Other           Tloc           6%         N/A       26%         3
 Iskenderun's Mystic Bla  Conj/Tloc      18%        2d6       30%         4
 Orb of Destruction       Conj           14%        9d7       100%        7
 Spellforged Servitor     Conj/Summ      11%        N/A       100%        7
 Lehudib's Crystal Spear  Conj/Erth      9%         10d4      100%        8
 Animate Armour           Summ/Erth      Unusable   N/A       N/A         4

Dungeon Overview and Level Annotations

Branches:
Dungeon (8/15)             Temple (1/1) D:7
   Lair: D:8-11

Altars:
Ashenzari
Cheibriados
Dithmenos
Elyvilon
Fedhas
Gozag
Hepliaklqana
Kikubaaqudgha
Makhleb
Nemelex Xobeh
Okawaru
Qazlal
Ru
Sif Muna
Trog
Uskayaw
Vehumet
Wu Jian
Xom
Yredelemnul
Zin
The Shining One

Shops:
D:1 !   D:3 :

Annotations:
D:4 Menkaure


Innate Abilities, Weirdness & Mutations

You cannot wear most types of armour.
You are amphibious.
You can wear up to eight rings at the same time.
Your skin changes colour to match your surroundings (Stealth+).
Your rubbery body absorbs attacks. (AC +1, EV +1)
((You are camouflaged when in or above water. (Stealth+)))
You have tentacles for arms and can constrict up to eight enemies at once.


Message History

The killer bee barely misses you.
Your cerulean imp hits the killer bee but does no damage.
The killer bee stings you but does no damage.
The killer bee completely misses you.
You feel better. The killer bee stings you!
* * * LOW HITPOINT WARNING * * *
You block the killer bee's attack.
Your cerulean imp misses the killer bee.
The killer bee barely misses you. The killer bee stings you.
* * * LOW HITPOINT WARNING * * *
Okay, then.
You feel much better. The killer bee barely misses you.
The killer bee stings you.
Your cerulean imp hits the killer bee with a -3 spear.
The killer bee closely misses you. The killer bee stings you.
You slash the killer bee! You grab the killer bee.
The killer bee is severely wounded.
You constrict the killer bee. The killer bee closely misses you.
The killer bee stings you!
* * * LOW HITPOINT WARNING * * *
You block the killer bee's attack. The killer bee stings you.
* * * LOW HITPOINT WARNING * * *
Your cerulean imp misses the killer bee.
The killer bee barely misses you. The killer bee stings you.
* * * LOW HITPOINT WARNING * * *
Your cerulean imp misses the killer bee.
You feel better.
You constrict the killer bee. You block the killer bee's attack.
The killer bee barely misses you. The killer bee closely misses you.
The killer bee stings you.
* * * LOW HITPOINT WARNING * * *
Your cerulean imp barely misses the killer bee.
You hit the killer bee.
You kill the killer bee!
Dithmenos accepts your kill. The killer bee stings you.
* * * LOW HITPOINT WARNING * * *
The killer bee misses you.
Your cerulean imp hits the killer bee but does no damage.
The killer bee stings you.
You die...

......##...####..## #.......#
.............##..# #........
................## #.....#
#.....##........## #....#
##...####........#### #....#
#..## #.......<...######....###
#..# #........................
##.# ##..####...........#......
#..# #..## ##@.#####...#......
...# ##..# ##.y..###..###.....
#..####..## #.5........# ##....
##.......## ##.........## #...
#.........####......[...# #...
............#...........# ###...
......................... ##.....
..............####.......##......
..............## ##.............


You could see a killer bee (ally target) and a friendly cerulean imp (summoned).

Vanquished Creatures
  2 wyverns (D:6)
  A water moccasin (D:5)
  2 black bears
  An ice beast (D:6)
  An ogre (D:6)
  4 centaurs
  2 bullfrogs
  A gnoll sergeant (D:5)
  A scorpion (D:6)
  8 wights (D:6)
  6 killer bees
  3 howler monkeys
  4 hounds
  2 orc priests
  A gnoll bouda (D:6)
  2 sleepcaps
  4 iguanas
  Natasha (thrice) (D:4)
  8 orc wizards
  8 gnolls
  5 adders
  4 white imps
  4 ufetubi
  A worm (D:2)
  4 dart slugs
  18 orcs
  9 endoplasms
  2 giant cockroaches
  10 goblins
  4 hobgoblins
  9 jackals
  11 kobolds
  3 quokkas
  6 ball pythons
  2 bats (D:3)
  6 frilled lizards
  6 rats
168 creatures vanquished.

Vanquished Creatures (collateral kills)
  A hound (D:6)
  An adder (D:6)
  An orc (D:6)
3 creatures vanquished.

Vanquished Creatures (others)
  An orc wizard (D:7)
1 creature vanquished.

Grand Total: 172 creatures vanquished

Notes
Turn   | Place    | Note
-------+----------+-------------------------------------------
     0 | D:1      | promet the Octopode Conjurer began the quest for the Orb.
     0 | D:1      | Reached XP level 1. HP: 11/11 MP: 3/3
   415 | D:1      | Reached XP level 2. HP: 17/17 MP: 0/5
   746 | D:1      | Found Ytiffisk's Distillery.
   970 | D:1      | Learned a level 2 spell: Searing Ray
  1432 | D:2      | Reached skill level 1 in Ranged Weapons
  1432 | D:2      | Reached XP level 3. HP: 21/21 MP: 3/6
  1436 | D:2      | Learned a level 3 spell: Dazzling Flash
  2055 | D:2      | Reached XP level 4. HP: 27/27 MP: 1/7
  2723 | D:2      | Reached skill level 1 in Hexes
  3558 | D:3      | Found Boifaf's Book Emporium.
  3618 | D:3      | Reached XP level 5. HP: 31/31 MP: 4/8
  4809 | D:3      | Found a faded altar of an unknown god.
  5033 | D:4      | Found a bloodstained altar of Trog.
  5034 | D:4      | Found a shadowy altar of Dithmenos.
  5036 | D:4      | Found a basalt altar of Yredelemnul.
  5040 | D:4      | Became a worshipper of Dithmenos the Shadowed
  5051 | D:4      | Learned a level 2 spell: Call Imp
  5352 | D:4      | Noticed Natasha
  5359 | D:4      | Killed Natasha
  5360 | D:4      | Reached skill level 3 in Spellcasting
  5640 | D:4      | Reached XP level 6. HP: 37/37 MP: 10/10
  5682 | D:4      | Reached skill level 1 in Long Blades
  6046 | D:4      | You fall into a shaft and drop 2 floors!
  6047 | D:6      | Noticed a black bear
  6071 | D:5      | Entered Level 5 of the Dungeon
  6100 | D:5      | Noticed a water moccasin
  6118 | D:5      | Reached skill level 1 in Fighting
  6171 | D:4      | Noticed Menkaure
  6309 | D:4      | Noticed Natasha
  6318 | D:4      | Killed Natasha
  6398 | D:4      | Noticed Natasha
  6406 | D:4      | Killed Natasha
  6833 | D:5      | Reached XP level 7. HP: 43/43 MP: 10/12
  7118 | D:5      | Reached * piety under Dithmenos
  8039 | D:5      | Reached skill level 5 in Conjurations
  8220 | D:5      | Found a burning altar of Makhleb.
  8247 | D:5      | Learned a level 3 spell: Stone Arrow
  8637 | D:6      | Reached XP level 8. HP: 43/50 MP: 10/13
  8963 | D:6      | Reached skill level 4 in Spellcasting
  9203 | D:6      | Reached skill level 1 in Shields
  9440 | D:6      | Reached skill level 5 in Ranged Weapons
 10272 | D:6      | Reached skill level 1 in Axes
 10295 | D:6      | Noticed a wyvern
 10402 | D:6      | Found a glowing silver altar of Zin.
 10990 | D:6      | Reached skill level 1 in Summonings
 11223 | D:6      | Noticed a wyvern
 11242 | D:6      | Killed a wyvern
 11243 | D:6      | Reached XP level 9. HP: 20/55 MP: 5/16
 11660 | D:6      | Reached skill level 5 in Spellcasting
 12084 | D:6      | Reached ** piety under Dithmenos
 12760 | D:7      | Found a radiant altar of Vehumet.
 13417 | D:7      | Learned a level 3 spell: Summon Guardian Golem
 13621 | D:7      | Found a staircase to the Ecumenical Temple.
 13874 | D:7      | Reached skill level 1 in Throwing
 14208 | D:7      | Reached skill level 6 in Spellcasting
 15105 | Temple   | Entered the Ecumenical Temple
 15440 | D:8      | Identified the +2 spear "Spiderslayer" {flame, Int+5 Dex+2}
 15571 | D:8      | Slain by a killer bee

Illustrated notes

Levels and vault maps discovered:
D:1:      doesnt_arrival_eight_statues, layout_basic, serial_shops,
          nicolae_shop_peninsula
D:2:      layout_rooms, minmay_fountain_box
D:3:      layout_basic, hellmonk_ecumenical_altar_heavens_door, serial_shops,
          nicolae_shop_pleasant_corner_grove
D:4:      layout_loops_ring, grunt_temple_overflow_open, minmay_cupped,
          uniq_natasha, uniq_menkaure
D:5:      layout_loops_ring, old_standard_altar, enter_ossuary_2
D:6:      minmay_bubble_buster, layout_basic, zin_statuary
D:7:      layout_basic, fiery_altar_vehumet, minmay_temple_entry_statues_pillars
D:8:      layout_layer_cave, dpeg_oklobed_lair, dreamdust_gnoll_shepherd
Temple:   regret_index_temple_sphere_string

Skill      XL: |  1  2  3  4  5  6  7  8  9 |
---------------+----------------------------+-----
Ranged Weapons | 1 2 3 4 5 |  5.9
Stealth        | 3 4 |  4.4
Hexes          | 1 2 3 4 |  4.1
Spellcasting   | 3 4 6 |  6.0
Long Blades    | 1 3 |  3.7
Fighting       | 1 2 3 |  3.2
Conjurations   | 5 |  5.2
Dodging        | 3 4 |  4.1
Shields        | 1 2 |  2.1
Axes           | 1 |  1.7
Summonings     | 1 2 |  2.5
Throwing       | 1 |  1.2
Short Blades   | |  0.3

Action                     |  1- 3 |  4- 6 |  7- 9 || total
---------------------------+-------+-------+-------++-------
  Melee: Unarmed           |     4 |       |       ||     4
         Tentacles         |     2 |     7 |    13 ||    22
         Constrict         |     1 |     9 |    11 ||    21
         Short sword       |     5 |    12 |     3 ||    20
         Long sword        |       |    17 |     5 ||    22
         War axe           |       |       |    12 ||    12
         Battleaxe         |       |       |     6 ||     6
         Great sword       |       |       |    31 ||    31
         Dagger            |       |       |     6 ||     6
         Punch             |       |       |     2 ||     2
   Fire: Sling             |    24 |    43 |    92 ||   159
  Throw: Stone             |       |     3 |       ||     3
         Dart              |       |       |     2 ||     2
   Cast: Magic Dart        |    35 |    51 |    11 ||    97
         Searing Ray       |     3 |    15 |    32 ||    50
         Call Imp          |       |     2 |    29 ||    31
         Stone Arrow       |       |       |     2 ||     2
         Dazzling Flash    |       |       |     2 ||     2
    Use: Scroll            |    11 |     5 |     3 ||    19
         Potion            |       |       |     7 ||     7
   Stab: Sleeping          |     3 |     4 |     3 ||    10
 Armour: Skin              |     9 |    32 |   154 ||   195
  Dodge: Dodged            |    10 |    25 |   193 ||   228
  Block: Other             |     5 |    12 |    57 ||    74

Table legend: (Time is in decaauts)
 A = Elapsed time spent in this place.
 B = Non-inter-level travel time spent in this place.
 C = Inter-level travel time spent in this place.
 D = Time resting spent in this place.
 E = Time spent auto-exploring this place.
 F = Levels seen in this place.
 G = Mean time per level.
                   A        B        C        D        E       F      G
               +--------+--------+--------+--------+--------+-----+--------+
         Total |  15677 |  15318 |    359 |   8435 |   1802 |   9 | 1741.9 |
       Dungeon |  15675 |  15316 |    359 |   8435 |   1802 |   8 | 1959.4 |
        Temple |      1 |      1 |      0 |      0 |      0 |   1 |    1.0 |
               +--------+--------+--------+--------+--------+-----+--------+

Top non-repeatable levels by time:
     D:6: 3873 daAuts
     D:7: 2601 daAuts
     D:5: 2404 daAuts
     D:3: 1738 daAuts
     D:4: 1674 daAuts
     D:2: 1596 daAuts
     D:1: 1518 daAuts
     D:8: 268 daAuts
  Temple: 1 daAuts
